 Dungeon Crawl Stone Soup version 0.22-a0-456-g11ed031 (webtiles) character file.

4743 DrEnzyme the Covert (level 10, -6/74 HPs)
             Began as an Octopode Wanderer on June 6, 2018.
             Was an Initiate of Gozag.
             Mangled by a wolf (12 damage)
             ... led by Grum
             ... on level 10 of the Dungeon.
             The game lasted 01:14:02 (11136 turns).

DrEnzyme the Covert (Octopode Wanderer)            Turns: 11136, Time: 01:14:03

Health: -6/74      AC:  1    Str: 10    XL:     10   Next: 46%
Magic:  11/11      EV: 16    Int: 17    God:    Gozag
Gold:   544        SH:  0    Dex: 18    Spells: 9/9 levels left

rFire    . . .     SeeInvis +   a - +0 rapier
rCold    + + +     Gourm    .   (no shield)
rNeg     . . .     Faith    .   (helmet restricted)
rPois    .         Spirit   .   s - amulet of regeneration
rElec    .         Reflect  .   g - ring of ice
rCorr    .         Harm     .   m - ring of protection from fire
MR       .....                  v - ring of protection from cold
Stlth    ++++++....             y - ring of see invisible
HPRegen  0.62/turn              E - +3 ring of evasion
MPRegen  0.12/turn              z - +4 ring of dexterity
                                (no ring)
                                (no ring)

@: gold aura, hasted, very quick
A: almost no armour, stealthy swim, amphibious, 8 rings, constrict 8, camouflage
1, cold resistance 1, low mp 1, gelatinous body 1, MP-powered wands
a: Potion Petition, Call Merchant, Bribe Branch, Renounce Religion


You were on level 10 of the Dungeon.
You worshipped Gozag.
Gozag was pleased with you.
You were hungry.

You visited 2 branches of the dungeon, and saw 11 of its levels.

You collected 1259 gold pieces.
You spent 593 gold pieces at shops.
You paid 122 gold pieces to Gozag.

Inventory:

Hand Weapons
 a - a +0 rapier (weapon)
 b - a +2 shortbow of flaming
 c - a +1 short sword
Missiles
 e - 151 arrows
Jewellery
 g - a ring of ice (left tentacle)
 m - a ring of protection from fire (right tentacle)
 s - an amulet of regeneration (around mantle)
 v - a ring of protection from cold (on tentacle)
 y - a ring of see invisible (on tentacle)
 z - a +4 ring of dexterity (on tentacle)
 E - a +3 ring of evasion (on tentacle)
Wands
 u - a wand of paralysis (14)
 C - a wand of enslavement (13)
 D - a wand of polymorph (23)
 H - a wand of iceblast (8)
 I - a wand of digging (16)
Scrolls
 h - a scroll of magic mapping
 i - a scroll of identify
 l - a scroll of teleportation
 n - 2 scrolls of amnesia
 q - 2 scrolls of fear
 r - 3 scrolls of remove curse
 t - 2 scrolls of enchant weapon
 x - 3 scrolls of fog {unknown}
Potions
 d - 2 potions of lignification
 j - 2 potions of berserk rage
 k - a potion of flight
 o - a potion of might
 w - a potion of magic
 A - 2 potions of degeneration
 B - a potion of haste
 F - a potion of cancellation {unknown}
 G - a potion of brilliance
Comestibles
 f - 22 rations


   Skills:
 + Level 9.5 Fighting
 - Level 8.2 Short Blades
 + Level 5.0 Bows
 - Level 1.0 Dodging
 - Level 10.0 Stealth
 - Level 4.0 Evocations


You had 9 spell levels left.
You didn't know any spells.
Your spell library was empty.

Dungeon Overview and Level Annotations

Branches:
Dungeon (10/15)            Temple (1/1) D:6            Lair (0/6) D:8
    Orc: D:9-12

Altars:
Ashenzari
Cheibriados
Dithmenos
Elyvilon
Fedhas
Gozag
Hepliaklqana
Kikubaaqudgha
Makhleb
Nemelex Xobeh
Okawaru
Qazlal
Ru
Sif Muna
Trog
Uskayaw
Vehumet
Wu Jian
Xom
Yredelemnul
Zin
The Shining One

Shops:
D:6 =(=   D:8 }

Annotations:
D:5 exclusions: orc, 2 orc wizards, worm and 1 more exclusion, heh's ghost, novice DsAK
D:7 exclusion: 3 killer bees
D:9 exclusion: downstairs, Erolcha
D:10 Gastronok


Innate Abilities, Weirdness & Mutations

You cannot wear most types of armour.
You are very stealthy in the water. (Stealth+)
You are amphibious.
You can wear up to eight rings at the same time.
You can use your tentacles to constrict eight enemies at once.
Your skin changes colour to match your surroundings (Stealth+).
Your rubbery body absorbs attacks. (AC +1, EV +1)
Your flesh is cold resistant. (rC+)
Your magical capacity is low. (-10% MP)
You expend magic power (3 MP) to strengthen your wands.


Message History

The wolf closely misses you.
Okay, then.
You release your grip on the wolf. x2
Found 12 gold pieces.
Okay, then.
Okay, then.
Evoke which item? (* to show all) (? for menu, Esc to quit)
Aiming: Iceblast
Press: ? - help, Shift-Dir - straight line, f - wolf
Aim: a wolf (severely wounded)
Okay, then.
You see here a scroll of identify.
The wolf bites you.
* * * LOW HITPOINT WARNING * * *
It was a potion of mutation.
You feel extremely strange.
You feel resistant to cold.
You feel less energetic.
You feel your magical essence link to your wands.
The wolf barely misses you. The wolf bites you!
You die...
Your body crumbles into a pile of gold.

#.# # #.# # #.####.###
#......... ######.#.#
#######.#.# ...........
##### #######.### #
#@..# #.# .###
#####.#hh.### ### ##.#
#...
.$..........###.###..###
#(.#
............##..........
#..#
#####...$%..#....P......
#..#
#......$...............
##..#
#.####...#####.........
#...### # ##.##
##.#.#++#. >.h...# #.#
##### ##


You could see 2 wolves.

Vanquished Creatures
  An unseen horror (D:8)
  Maurice (D:10)
  A troll (D:9)
  2 hippogriffs
  Grum (D:10)
  A hungry ghost (D:9)
  Duvessa (D:7)
  An orc warrior (D:9)
  2 phantoms (D:7)
  2 wolves (D:9)
  2 centaurs (D:9)
  4 ogres
  2 big kobolds
  4 bullfrogs
  Dowan (D:7)
  4 scorpions
  A howler monkey (D:8)
  6 wights (D:7)
  A centaur zombie (D:9)
  4 crimson imps
  3 hounds
  4 orc priests
  An iguana (D:9)
  6 orc wizards
  3 hound skeletons
  A worker ant zombie (D:10)
  12 gnolls
  12 adders
  A shadow imp (D:9)
  7 worms
  5 dart slugs
  3 leopard geckos
  28 orcs
  3 ball pythons
  3 giant cockroaches
  10 goblins
  8 hobgoblins
  7 jackals
  23 kobolds
  2 quokkas
  10 bats
  9 frilled lizards
  6 rats
209 creatures vanquished.

Vanquished Creatures (others)
  An ogre (D:9)
  A kobold (D:2)
2 creatures vanquished.

Grand Total: 211 creatures vanquished

Notes
Turn   | Place    | Note
-------+----------+-------------------------------------------
     0 | D:1      | DrEnzyme the Octopode Wanderer began the quest for the Orb.
     0 | D:1      | DrEnzyme set off with: a +2 shortbow, 26 arrows, a +0 short sword, a potion of lignification, a +0 dagger, a ration
     0 | D:1      | Reached XP level 1. HP: 16/16 MP: 1/1
    44 | D:1      | Reached skill level 3 in Stealth
   101 | D:1      | Reached XP level 2. HP: 18/21 MP: 2/2
   257 | D:1      | Reached skill level 4 in Stealth
   257 | D:1      | Reached XP level 3. HP: 13/26 MP: 3/3
  1293 | D:2      | Reached XP level 4. HP: 30/31 MP: 4/4
  1728 | D:2      | Found a radiant altar of Vehumet.
  1909 | D:3      | Found a white marble altar of Elyvilon.
  1995 | D:3      | Found an iron altar of Okawaru.
  2191 | D:3      | Reached XP level 5. HP: 26/37 MP: 5/5
  3221 | D:4      | Reached skill level 5 in Stealth
  3617 | D:4      | Reached XP level 6. HP: 30/44 MP: 6/6
  3848 | D:4      | Found a hide-covered altar of Uskayaw.
  4040 | D:4      | Found a basalt altar of Yredelemnul.
  4628 | D:5      | Entered Level 5 of the Dungeon
  4824 | D:5      | Noticed heh's ghost (novice DsAK)
  5286 | D:5      | Reached skill level 5 in Fighting
  5286 | D:5      | Reached skill level 5 in Short Blades
  5286 | D:5      | Reached XP level 7. HP: 40/50 MP: 7/7
  5615 | D:5      | Found a sparkling altar of Nemelex Xobeh.
  5863 | D:6      | Found Jeps's Jewellery Shop.
  5870 | D:6      | Bought a +3 ring of evasion for 252 gold pieces
  5972 | D:6      | Reached skill level 6 in Stealth
  6003 | D:6      | Found Foafuist's Jewellery Shop.
  6024 | D:6      | Found a staircase to the Ecumenical Temple.
  6030 | Temple   | Entered the Ecumenical Temple
  6291 | D:6      | Found Tel Qirch's Weapon Shop.
  6428 | Temple   | Became a worshipper of Gozag Ym Sagoz the Greedy
  6631 | D:6      | Bought a +0 rapier for 44 gold pieces
  6729 | D:7      | Noticed a hungry ghost
  6751 | D:7      | Noticed Dowan
  6752 | D:7      | Noticed Duvessa
  6770 | D:7      | Reached XP level 8. HP: 57/57 MP: 8/8
  7150 | D:7      | Killed Dowan
  7150 | D:7      | Reached skill level 7 in Stealth
  7551 | D:7      | Killed Duvessa
  7715 | D:7      | Reached XP level 9. HP: 53/64 MP: 9/9
  7843 | D:7      | Reached skill level 8 in Stealth
  8243 | D:8      | Found Obbea's Gadget Shoppe.
  8310 | D:6      | Bought a +4 ring of dexterity for 297 gold pieces
  8470 | D:8      | Reached skill level 1 in Evocations
  8571 | D:8      | Noticed an unseen horror
  8792 | D:8      | Killed an unseen horror
  8792 | D:8      | Reached skill level 9 in Stealth
  8951 | D:8      | Found a staircase to the Lair.
  9230 | D:9      | Noticed Erolcha
  9370 | D:9      | Noticed a troll
  9402 | D:9      | Killed a troll
  9558 | D:9      | Reached XP level 10. HP: 68/73 MP: 11/13
  9674 | D:9      | Reached skill level 10 in Stealth
 10430 | D:9      | Paralysed by a kobold for 7 turns
 10788 | D:10     | Entered Level 10 of the Dungeon
 10793 | D:10     | Noticed Grum
 10921 | D:10     | Noticed a two-headed ogre
 10950 | D:10     | Noticed Gastronok
 11109 | D:10     | Noticed Maurice
 11121 | D:10     | Killed Maurice
 11122 | D:10     | Killed Grum
 11122 | D:10     | Reached skill level 5 in Bows
 11136 | D:10     | Gained mutation: Your flesh is cold resistant. (rC+) [potion of mutation]
 11136 | D:10     | Gained mutation: Your magical capacity is low. (-10% MP) [potion of mutation]
 11136 | D:10     | Gained mutation: You expend magic power (3 MP) to strengthen your wands. [potion of mutation]
 11136 | D:10     | Mangled by a wolf

Vault maps used:
D:1:      dpeg_arrival_long_road, st_stairs_12
D:2:      fiery_altar_vehumet
D:3:      elyvilon_altar_4, first_ration, okawaru_gym_becter
D:4:      lemuel_crystal_altar, yredelemnul_altar_generic
D:5:      marbit_many_paths, corexii_item_surrounded_by_moat
D:6:      corexii_shack_village, minmay_temple_entry_hall, serial_shops,
          nicolae_shop_trees, shop, shop
D:7:      uniq_duvessa
D:8:      lair_entry_dummy, serial_shops, nicolae_shop_trees
D:9:      uniq_erolcha
D:10:     blue_anna_alchemist, minivault_28, uniq_maurice, uniq_grum,
          uniq_gastronok
Temple:   minmay_crystal_spiral_temple

Skill      XL: |  1  2  3  4  5  6  7  8  9 10 |
---------------+-------------------------------+-----
Stealth        | 3 4 5 6 7 9 10 | 10.0
Short Blades   | 3 4 5 7 8 |  8.2
Fighting       | 4 5 7 8 9 |  9.5
Evocations     | 4 |  4.0
Bows           | 5 |  5.0
Dodging        | |  1.0

Action                   |  1- 3 |  4- 6 |  7- 9 | 10-12 || total
-------------------------+-------+-------+-------+-------++-------
Melee: Dagger            |    23 |   119 |    19 |       ||   161
       Constrict         |    11 |    28 |    27 |    19 ||    85
       Short sword       |    28 |       |    27 |       ||    55
       Tentacles         |     6 |    15 |    29 |    32 ||    82
       Rapier            |       |       |   107 |   110 ||   217
 Fire: Shortbow          |    37 |   116 |    86 |    21 ||   260
Throw: Throwing net      |       |     1 |       |       ||     1
Evoke: Wand              |       |       |     8 |     2 ||    10
  Use: Scroll            |       |     5 |    13 |       ||    18
       Potion            |       |     1 |     7 |     2 ||    10
 Stab: Sleeping          |    12 |     6 |    18 |     5 ||    41
       Distracted        |       |     1 |     3 |     1 ||     5
       Paralysed         |       |       |     4 |     2 ||     6
  Eat: Chunk             |     1 |    12 |     1 |       ||    14
       Ration            |       |       |     4 |     1 ||     5
Armor: Skin              |     4 |     5 |    10 |     1 ||    20
Dodge: Dodged            |    34 |    67 |    81 |   104 ||   286

Table legend:
 A = Spawn XP
 B = Non-spawn XP
 C = Spawn XP percentage of total XP
 D = Spawn monster count
 E = Non-spawn monster count
 F = Spawn count percentage of total count
 G = Total turns spent on level
                    A         B        C        D         E        F      G
               +---------+---------+-------+---------+---------+-------+---------
         Total |       0 |    6776 |   0.0 |       0 |     210 |   0.0 | 11136
               +---------+---------+-------+---------+---------+-------+---------
           D:1 |       0 |      53 |   0.0 |       0 |      24 |   0.0 |  1044
           D:2 |       0 |      59 |   0.0 |       0 |      24 |   0.0 |   785
           D:3 |       0 |     146 |   0.0 |       0 |      22 |   0.0 |  1368
           D:4 |       0 |     237 |   0.0 |       0 |      22 |   0.0 |  1431
           D:5 |       0 |     279 |   0.0 |       0 |       9 |   0.0 |  1118
           D:6 |       0 |     351 |   0.0 |       0 |      22 |   0.0 |   759
           D:7 |       0 |    1368 |   0.0 |       0 |      33 |   0.0 |  1720
           D:8 |       0 |    1150 |   0.0 |       0 |       6 |   0.0 |   764
           D:9 |       0 |    2395 |   0.0 |       0 |      42 |   0.0 |  1715
          D:10 |       0 |     738 |   0.0 |       0 |       6 |   0.0 |   224
               +---------+---------+-------+---------+---------+-------+---------
